 Dungeon Crawl Stone Soup version 0.27-a0-1065-ge809cff456 (webtiles) character file.

Game seed: 14445435642871227199

57 robertstho the Magician (level 4, -1/31 HPs)
             Began as a Djinni Fire Elementalist on Apr 23, 2021.
             Slain by Crazy Yiuf
             ... wielding a +4 quarterstaff of chaos
              (6 damage)
             ... on level 2 of the Dungeon.
             The game lasted 00:02:26 (2459 turns).

robertstho the Magician (Djinni Fire Elementalist)  Turns: 2459, Time: 00:02:27

Health: -1/31      AC:  2    Str:  7    XL:     4   Next: 0%
Gold:   63         EV: 12    Int: 23    God:
                   SH:  0    Dex: 14

rFire    + + .     SeeInvis .   c - +0 dagger
rCold    x . .     Faith    .   (no shield)
rNeg     . . .     Spirit   .   a - +0 robe
rPois    ∞         Reflect  .   (no helmet)
rElec    .         Harm     .   (no cloak)
rCorr    .         Rampage  .   (no gloves)
Will     .....                  (boots unavailable)
Stlth    ++........             (no amulet)
HPRegen  0.10/turn              g - +6 ring of intelligence
MPRegen  0.00/turn              (no ring)

@: flying, very slightly contaminated
A: fire resistance 2, cold vulnerability 1, float, innate caster, hp casting,
extra vitality 1
a: no special abilities


You were on level 2 of the Dungeon.
You visited 1 branch of the dungeon, and saw 2 of its levels.

You collected 63 gold pieces.

Inventory:

Hand Weapons
 c - a +0 dagger (weapon)
Armour
 a - a +0 robe (worn)
Jewellery
 g - a +6 ring of intelligence (left hand)
Scrolls
 b - a scroll of amnesia {unknown}
 d - 2 scrolls of teleportation {unknown}
 e - 2 scrolls of identify {unknown}
 f - a scroll of magic mapping {unknown}
Potions
 h - a potion of lignification {unknown}


   Skills:
 * Level 0.9 Fighting
 + Level 2.2 Dodging
 + Level 1.7 Stealth
 * Level 3.8 Spellcasting


You couldn't memorise any spells.
You knew the following spells:

 Your Spells              Type           Power      Damage    Failure   Level
a - Foxfire               Conj/Fire      88%        2x1d8     2%          1
b - Conjure Flame         Conj/Fire      22%        6-21      6%          3
c - Inner Flame           Hex/Fire       22%        N/A       6%          3
d - Sticky Flame          Conj/Fire      22%        2d4       22%         4
e - Fireball              Conj/Fire      11%        3d7       52%         5
f - Shock                 Conj/Air       88%        1d8       2%          1
Your spell library was empty.

Dungeon Overview and Level Annotations

Branches:
Dungeon (2/15)

Altars:

Annotations:
D:2 Crazy Yiuf


Innate Abilities, Weirdness & Mutations

You are immune to poison.
Your flesh is very heat resistant. (rF++)
You are vulnerable to cold. (rC-)
You float through the air rather than walking.
You learn spells naturally, not from books.
Your magical power is your life essence.
You have superior vitality. (+4 HP)


Message History

Found a stone staircase leading up.
You see here a +0 plate armour.
You reach down and open the door.
There is an open door here.
There is a stone staircase leading up here.
Key pressed, stopping explore.
Crazy Yiuf shouts!
Crazy Yiuf says, "Line!
Action hand ladder."
Could not explore, unopened runed door.
Could not explore, unopened runed door.
Could not explore, unopened runed door.
Could not explore, unopened runed door.
Casting: Foxfire (safe; 2% risk of failure)
Confirm with . or Enter, or press ? or * to list all spells.
Okay, then.
You reach down and open the door.
Casting: Foxfire (safe; 2% risk of failure)
Confirm with . or Enter, or press ? or * to list all spells.
The spell is extremely dangerous to cast (22% risk of failure)!
Continue anyway?
Aiming: Sticky Flame (extremely dangerous; 22% risk of failure)
Press: ? - help, Shift-Dir - straight line, f - Crazy Yiuf
Aim: Crazy Yiuf, wielding a +4 quarterstaff of chaos and wearing a +0 cloak (100% to hit)
You miscast Sticky Flame.
You are very lightly contaminated with residual magic.
Nothing appears to happen.
Crazy Yiuf hits you with a +4 quarterstaff of chaos.
Crazy Yiuf freezes you.
Casting: Sticky Flame (extremely dangerous; 22% risk of failure)
Confirm with . or Enter, or press ? or * to list all spells.
The spell is extremely dangerous to cast (22% risk of failure)!
Continue anyway?
Aiming: Sticky Flame (extremely dangerous; 22% risk of failure)
Press: ? - help, Shift-Dir - straight line, f/p - Crazy Yiuf
Aim: Crazy Yiuf, wielding a +4 quarterstaff of chaos and wearing a +0 cloak (100% to hit)
The sticky flame hits Crazy Yiuf.
Crazy Yiuf is lightly wounded.
Crazy Yiuf is covered in liquid flames!
Crazy Yiuf burns!
Crazy Yiuf hits you with a +4 quarterstaff of chaos!
* * * LOW HITPOINT WARNING * * *
Crazy Yiuf freezes you.
You die...

#.......#######.
#####........##.
#........+.. #####
###......#.. #..)#
##########.# #...#
#......# #.# ...
#.####.# #.. #g#
#.#....# #.. ♣♣@♣
#.#.######.. ♣.♣♣
#........... ♣♣.♣
#......###.# ♣.♣♣
#......# #.# ♣♣.♣♣
#......###+# ♣...♣♣
#......##... ♣....♣
#......##... #....#
#...........
#....####........#+#


You could see Crazy Yiuf (burning).

Vanquished Creatures
  An adder (D:2)
  A worm (D:2)
  3 dart slugs
  3 ball pythons
  4 endoplasms
  2 giant cockroaches
  4 goblins
  3 hobgoblins (D:1)
  4 jackals (D:2)
  A quokka (D:2)
  3 bats
  2 frilled lizards
  A kobold (D:2)
  5 rats
37 creatures vanquished.

Vanquished Creatures (others)
  146 foxfires
146 creatures vanquished.

Grand Total: 183 creatures vanquished

Notes
Turn   | Place    | Note
-------+----------+-------------------------------------------
     0 | D:1      | robertstho the Djinni Fire Elementalist began the quest for
                  | the Orb.
     0 | D:1      | Reached XP level 1. HP: 15/15 MP: 0/0
   386 | D:1      | Reached skill level 3 in Spellcasting
   398 | D:1      | Reached XP level 2. HP: 16/21 MP: 0/0
  1355 | D:2      | Reached XP level 3. HP: 17/26 MP: 0/0
  1355 | D:2      | Learned a level 1 spell: Shock
  1486 | D:2      | Found a runed translucent door.
  1487 | D:2      | Noticed Crazy Yiuf
  2219 | D:2      | Reached XP level 4. HP: 28/31 MP: 0/0
  2459 | D:2      | Slain by Crazy Yiuf

Illustrated notes

Levels and vault maps discovered:
D:1:      lightli_arrival_windingriver, layout_loops_ring
D:2:      layout_basic, uniq_crazy_yiuf_cottage

Skill      XL: |  1 |
---------------+----+-----
Spellcasting   | 3 |  3.8
Fighting       | |  0.9
Dodging        | |  2.2
Stealth        | |  1.7

Action                   |  1- 3 |  4- 6 || total
-------------------------+-------+-------++-------
Melee: Dagger            |     1 |       ||     1
 Cast: Foxfire           |    85 |       ||    85
       Sticky Flame      |       |     1 ||     1
Armor: Robe              |     2 |       ||     2
Dodge: Dodged            |    10 |       ||    10

Table legend: (Time is in decaauts)
 A = Elapsed time spent in this place.
 B = Non-inter-level travel time spent in this place.
 C = Inter-level travel time spent in this place.
 D = Time resting spent in this place.
 E = Time spent auto-exploring this place.
 F = Levels seen in this place.
 G = Mean time per level.
                   A        B        C        D        E       F      G
               +--------+--------+--------+--------+--------+-----+--------+
         Total |   2457 |   2452 |      5 |      0 |   2206 |   2 | 1228.5 |
       Dungeon |   2457 |   2452 |      5 |      0 |   2206 |   2 | 1228.5 |
               +--------+--------+--------+--------+--------+-----+--------+

Top non-repeatable levels by time:
     D:1: 1314 daAuts
     D:2: 1143 daAuts
